 Dungeon Crawl Stone Soup version 0.18.1-48-g4cf74bf (webtiles) character file.

3873 nikopol the Cleaver (level 10, -12/91 HPs)
             Began as a Minotaur Berserker on Sept 5, 2016.
             Was a High Priest of Trog.
             Mangled by an orc warrior
             ... wielding a +0 halberd
              (20 damage)
             ... in a bailey.
             The game lasted 00:15:56 (5752 turns).

nikopol the Cleaver (Minotaur Berserker)            Turns: 5752, Time: 00:15:57

Health: -12/91     AC:  9    Str: 23    XL:     10   Next: 0%
Magic:  9/9        EV: 15    Int:  4    God:    Trog [*****.]
Gold:   508        SH:  0    Dex: 14    Spells: 0 memorised, 9 levels left

rFire  . . .     SeeInvis .     a - +1 war axe (freeze)
rCold  . . .     Gourm    .     i - +0 ring mail
rNeg   . . .     Faith    .     (no shield)
rPois  .         Spirit   .     (helmet restricted)
rElec  .         Dismiss  +     l - +0 cloak
rCorr  .         Reflect  .     (no gloves)
SustAt .         Harm     .     t - +0 pair of boots
MR     .....                    h - amulet of dismissal
Stlth  +.........               (no ring)
                                o - +2 ring of strength

@: not resistant to hostile enchantments, very unstealthy
A: retaliatory headbutt, horns 2
a: Berserk, Trog's Hand, Brothers in Arms, Burn Spellbooks, Renounce Religion


You were in a bailey.
You worshipped Trog.
Trog was extremely pleased with you.
You were not hungry.

You visited 1 branch of the dungeon, and saw 8 of its levels.
You also visited: Bailey.

You collected 508 gold pieces.

Inventory:

Hand Weapons
 a - a +1 war axe of freezing (weapon)
 z - a +0 shortbow
Missiles
 e - 104 arrows (quivered)
Armour
 b - a +0 animal skin
 i - a +0 ring mail (worn)
 l - a +0 cloak (worn)
 t - a +0 pair of boots (worn)
Jewellery
 h - an amulet of dismissal (around neck)
 o - a +2 ring of strength (left hand)
 G - an uncursed ring of protection from cold {unknown}
 J - a +3 amulet of reflection {unknown}
Scrolls
 f - a scroll of noise {unknown}
 j - a scroll of blinking
 k - 5 scrolls of identify
 n - 2 scrolls of magic mapping
 s - a scroll of random uselessness {unknown}
 u - 2 scrolls of remove curse
 v - a scroll of enchant weapon {unknown}
 x - a scroll of silence {unknown}
 y - a scroll of immolation {unknown}
 A - a scroll of recharging {unknown}
 B - 3 scrolls of teleportation {unknown}
 C - 2 scrolls of enchant armour {unknown}
 I - a scroll of fear {unknown}
 L - a scroll of vulnerability {unknown}
Potions
 d - 3 potions of heal wounds
 g - 3 potions of might {unknown}
 p - a potion of flight {unknown}
 q - 2 potions of berserk rage {unknown}
 r - 2 potions of curing {unknown}
 w - a potion of degeneration {unknown}
 D - a potion of cure mutation {unknown}
 E - 2 potions of invisibility
 F - a potion of cancellation {unknown}
 H - 2 potions of lignification {unknown}
 K - 2 potions of mutation {unknown}
 O - a potion of brilliance {unknown}
Books
 N - a book of Beasts

   Spells                             Type                      Level
   a - Summon Butterflies             Summoning                    1
   b - Call Canine Familiar           Summoning                    3
   c - Summon Ice Beast               Ice/Summoning                4
   d - Summon Mana Viper              Hexes/Summoning              5
   e - Summon Hydra                   Summoning                    7
   Trog disapproves of the use of such an item.
Comestibles
 c - 7 bread rations
 m - 4 fruits


   Skills:
 + Level 9.2 Fighting
 * Level 9.3 Axes
 * Level 1.9 Bows
 + Level 9.2 Armour
 + Level 7.9 Dodging


You had 9 spell levels left.
You didn't know any spells.

Dungeon Overview and Level Annotations

Branches:
Dungeon (8/15)             Temple (0/1) D:4
   Lair: D:8-11

Altars:
Dithmenos
Elyvilon
Gozag
Kikubaaqudgha
Okawaru
Trog
Vehumet
Yredelemnul
Zin


Innate Abilities, Weirdness & Mutations

You reflexively headbutt those who attack you in melee.
You have a pair of horns on your head.


Message History

The orc warrior is heavily wounded.
The orc warrior closely misses you. Something hits you.
Your ring mail prevents you from hitting the orc warrior.
You headbutt the orc warrior, but do no damage.
The orc warrior is heavily wounded.
The orc warrior closely misses you. Something hits you.
You slash the orc warrior! You freeze the orc warrior.
You kill the orc warrior!
Trog accepts your kill.
You have reached level 10!
Something hits you!
* * * LOW HITPOINT WARNING * * *
Things that are here:
a hand axe; a war axe; an orc corpse Something hits you!!
* * * LOW HITPOINT WARNING * * *
Things that are here:
a halberd; a scale mail; an orc skeleton Something hits you!!
You die...

##.....##
#.......#
#.......#
#.......#
#...(...#
#.......#
#.......#
#....)..#
#.)@))..#
#∩)))..∩#
#))))...#
##.)∩..##
#######


There were no monsters in sight!

Vanquished Creatures
  Pikel (D:4)
  The ghost of Elystan the Shield-Bearer, a novice FoFi (D:5)
  Grinder (D:3)
  Sigmund (D:3)
  3 yaks (D:5)
  Duvessa (D:4)
  4 orc warriors (Bailey)
  3 sky beasts
  A phantom (D:4)
  An ogre (D:7)
  A centaur (D:8)
  A giant frog (D:8)
  3 scorpions
  Dowan (D:4)
  A howler monkey (D:6)
  A crimson imp (D:7)
  3 orc priests
  3 hounds
  A giant frog skeleton (D:6)
  Crazy Yiuf (D:5)
  A jelly (D:7)
  5 orc wizards
  A centaur skeleton (D:5)
  3 iguanas
  Ijyb (D:3)
  Terence (D:2)
  6 worker ants
  A worker ant zombie (D:5)
  4 gnolls (D:5)
  10 adders
  4 shadow imps
  An adder skeleton (D:7)
  A worm (D:4)
  4 giant geckos
  37 orcs
  7 bats
  4 giant cockroaches
  9 goblins
  8 hobgoblins
  9 jackals
  2 quokkas
  8 ball pythons
  5 giant newts
  7 kobolds
  4 rats
176 creatures vanquished.

Vanquished Creatures (others)
  4 orcs (D:4)
  A jackal (D:4)
5 creatures vanquished.

Grand Total: 181 creatures vanquished

Notes
Turn   | Place    | Note
--------------------------------------------------------------
     0 | D:1      | nikopol the Minotaur Berserker began the quest for the Orb.
     0 | D:1      | Reached XP level 1. HP: 19/19 MP: 0/0
   208 | D:1      | Reached XP level 2. HP: 23/27 MP: 1/1
  1003 | D:2      | Noticed Terence
  1010 | D:2      | Killed Terence
  1010 | D:2      | Reached ** piety under Trog
  1010 | D:2      | Reached XP level 3. HP: 33/33 MP: 2/2
  1140 | D:2      | Found a radiant altar of Vehumet.
  1181 | D:2      | Reached XP level 4. HP: 37/40 MP: 3/3
  1318 | D:2      | Found an opulent altar of Gozag.
  1401 | D:2      | Found an ancient bone altar of Kikubaaqudgha.
  1709 | D:3      | Reached XP level 5. HP: 44/47 MP: 4/4
  1734 | D:3      | Noticed Ijyb
  1743 | D:3      | Killed Ijyb
  1791 | D:3      | Noticed Sigmund
  1799 | D:3      | Killed Sigmund
  1799 | D:3      | Reached *** piety under Trog
  1799 | D:3      | Reached skill level 5 in Fighting
  1799 | D:3      | Reached skill level 5 in Axes
  1799 | D:3      | Reached XP level 6. HP: 56/56 MP: 5/5
  1881 | D:3      | Noticed Grinder
  2009 | D:3      | Killed Grinder
  2009 | D:3      | Reached skill level 5 in Armour
  2009 | D:3      | Reached XP level 7. HP: 48/62 MP: 6/6
  2147 | D:4      | Found a glowing silver altar of Zin.
  2250 | D:4      | Found a staircase to the Ecumenical Temple.
  2457 | D:4      | Noticed Pikel
  2464 | D:4      | Killed Pikel
  2464 | D:4      | Reached skill level 5 in Dodging
  2464 | D:4      | Reached XP level 8. HP: 71/71 MP: 7/7
  2584 | D:4      | Reached **** piety under Trog
  2945 | D:4      | Noticed Duvessa
  2945 | D:4      | Noticed Dowan
  2960 | D:4      | Killed Dowan
  2966 | D:4      | Killed Duvessa
  3429 | D:5      | Entered Level 5 of the Dungeon
  3454 | D:5      | Noticed Elystan's ghost (novice FoFi)
  3471 | D:5      | Killed Elystan's ghost
  3714 | D:5      | Reached XP level 9. HP: 81/81 MP: 8/8
  4009 | D:5      | Received a gift from Trog
  4020 | D:5      | Noticed Crazy Yiuf
  4024 | D:5      | Killed Crazy Yiuf
  4159 | D:6      | Found a white marble altar of Elyvilon.
  4254 | D:6      | Found a shadowy altar of Dithmenos.
  4362 | D:6      | Found an iron altar of Okawaru.
  4723 | D:7      | Found a basalt altar of Yredelemnul.
  4766 | D:7      | Reached ***** piety under Trog
  5067 | D:7      | Found a bloodstained altar of Trog.
  5320 | D:8      | Found a flagged portal.
  5400 | Bailey   | Entered a bailey
  5449 | Bailey   | Reached skill level 1 in Bows
  5749 | Bailey   | Reached XP level 10. HP: 37/91 MP: 9/9
  5752 | Bailey   | Mangled by an orc warrior

Skill      XL: |  1  2  3  4  5  6  7  8  9 |
---------------+----------------------------+-----
Axes           | 4 5 6 8 9 |  9.3
Armour         | 3 4 5 6 7 9 |  9.2
Fighting       | 4 5 6 7 9 |  9.2
Dodging        | 3 4 5 6 7 |  7.9
Bows           | 1 |  1.9

Action                   |  1- 3 |  4- 6 |  7- 9 | 10-12 || total
-------------------------+-------+-------+-------+-------++-------
Melee: Hand axe          |    51 |   107 |    29 |       ||   187
       Headbutt          |     6 |    27 |    51 |       ||    84
       War axe           |       |       |   204 |       ||   204
 Fire: Shortbow          |       |       |     6 |       ||     6
Invok: Berserk           |     1 |     1 |     3 |       ||     5
       Trog's Hand       |       |     1 |     1 |       ||     2
       Burn Spellbooks   |       |       |     1 |       ||     1
  Use: Scroll            |       |       |     5 |       ||     5
  Eat: Chunk             |     2 |     4 |    10 |       ||    16
       Meat ration       |       |       |     1 |       ||     1
Armor: Animal skin       |     1 |       |       |       ||     1
       Ring mail         |    12 |    41 |    83 |       ||   136
Dodge: Dodged            |    34 |    68 |   216 |       ||   318
